Map: [ESL] Ancient Cistern

Players

PiG - Winner!

  • Race: Zerg Zerg
  • League: Master
  • Spawn Location: 1:00

EZDeschanel

  • Race: Protoss Protoss
  • League: Diamond
  • Spawn Location: 7:00

VOD

Have the link to the VOD?

Description

Time

  • Played on: April 11, 2023, 7:57 p.m.
  • Length: 15:13
Show
View Real Time Build Order
Export as new Build Order

PiG Zerg - Winner!

Build Orders: Hatch First 

Get SALT Encoding   

  12  0:02  Drone  
  13  0:15  Overlord  
  14  0:21  Drone  
  14  0:35  Drone x2  
  16  0:37  Drone  
  17  0:54  Hatchery  
  16  0:57  Drone  
  17  1:04  Drone  
  18  1:12  Extractor  
  18  1:16  Spawning Pool  
  16  1:19  Drone  
  17  1:29  Drone  
  18  1:35  Drone  
  20  1:47  Drone  
  20  1:55  Overlord  
  20  2:04  Queen  
  20  2:05  Queen  
  24  2:08  Zergling x2  
  24  2:09  Zergling x2  
  26  2:18  Metabolic Boost  
  26  2:24  Drone x2  
  28  2:35  Drone x2  
  28  2:36  Drone  
  31  2:39  Drone  
  32  2:45  Hatchery  
  31  2:53  Queen  
  31  2:56  Overlord  
  33  3:02  Drone  
  33  3:03  Drone  
  35  3:16  Drone x6  
  35  3:17  Drone x2  
  43  3:20  Overlord  
  43  3:26  Overlord  
  43  3:47  Drone x4  
  43  3:48  Drone x4  
  51  3:49  Overlord  
  51  3:53  Extractor  
  51  3:55  Baneling Nest  
  49  3:58  Queen x2  
  53  4:12  Drone  
  53  4:14  Drone x2  
  56  4:19  Zergling x16  
  56  4:20  Zergling x2  
  56  4:24  Overlord x2  
  65  4:52  Queen  
  67  4:53  Spore Crawler  
  67  4:54  Spore Crawler  
  67  4:55  Spore Crawler  
  61  5:08  Drone x12  
  73  5:15  Overlord  
  73  5:16  Overlord x2  
  73  5:21  Evolution Chamber  
  72  5:22  Evolution Chamber  
  72  5:25  Hatchery  
  70  5:32  Hatchery  
  69  5:40  Drone x5  
  69  5:42  Drone x3  
  77  5:44  Drone x3  
  80  5:56  Zerg Ground Armor Level 1, Zerg Melee Weapons Level 1  
  80  6:05  Lair  
  80  6:09  Zergling x8  
  80  6:10  Zergling x14  
  91  6:37  Zergling x22  
  91  6:38  Hatchery  
  101  6:42  Zergling x8  
  101  6:43  Zergling x2  
  101  6:46  Overlord x3  
  106  6:48  Hatchery  
  104  6:56  Baneling  
  104  7:16  Zergling x34  
  104  7:17  Overlord x5  
  104  7:18  Centrifugal Hooks  
  121  7:54  Zergling x36  
  139  8:00  Zergling x12  
  139  8:02  Baneling x19  
  139  8:03  Baneling x2  
  145  8:21  Zergling x26  
  134  9:03  Zergling x50  
  141  9:16  Extractor  
  138  9:17  Extractor x2  
  138  9:18  Extractor  
  138  9:21  Drone x3  
  137  9:24  Drone x3  
  137  9:28  Drone x3  
  137  9:29  Drone x2  
  137  9:30  Drone  
  137  9:31  Zergling x16  
  154  9:34  Baneling x29  
  149  9:55  Zergling x34  
  145  10:27  Extractor  
  145  10:28  Extractor  
  123  10:30  Drone x3  
  123  10:31  Hatchery  
  123  10:35  Drone x2  
  113  10:36  Drone, Zergling x24  
  113  10:38  Zerg Ground Armor Level 2, Zerg Melee Weapons Level 2  
  126  10:48  Zergling x24  
  138  10:53  Zergling x2  
  138  10:55  Baneling x17  
  139  11:05  Spore Crawler  
  139  11:06  Queen x2, Spore Crawler  
  137  11:24  Drone x3  
  140  11:27  Drone x3  
  140  11:28  Drone x2  
  140  11:29  Drone x2  
  147  11:33  Hatchery  
  146  11:45  Queen  
  148  11:48  Zergling x30  
  163  11:59  Overseer  
  163  12:03  Infestation Pit  
  163  12:04  Zergling x14  
  143  12:39  Zergling x46  
  143  12:41  Zergling x2  
  127  13:17  Baneling x30  
  134  13:20  Zergling x18  
  130  13:37  Zergling x18  
  123  13:55  Zergling x20  
  98  14:24  Hatchery  
Show
View Real Time Build Order
Export as new Build Order

EZDeschanel Protoss 

Build Orders: 1 Gate Expand, Oracle Opening 

Get SALT Encoding   

  12  0:00  Probe  
  13  0:12  Probe  
  14  0:20  Pylon  
  14  0:24  Probe  
  15  0:38  Probe (Chrono Boost)  
  15  0:41  Gateway  
  17  0:50  Probe (Chrono Boost), Assimilator  
  17  0:55  Probe (Chrono Boost)  
  18  1:05  Probe (Chrono Boost)  
  19  1:16  Probe (Chrono Boost)  
  20  1:20  Probe (Chrono Boost)  
  21  1:31  Probe  
  22  1:37  Nexus  
  22  1:45  Cybernetics Core  
  22  1:47  Probe  
  23  1:57  Pylon  
  23  2:05  Assimilator  
  23  2:16  Probe  
  23  2:22  Stalker  
  26  2:23  Warp Gate  
  26  2:28  Probe  
  27  2:40  Probe  
  27  2:43  Stargate  
  28  2:52  Stalker  
  28  2:53  Probe (Chrono Boost), Pylon  
  28  2:56  Probe (Chrono Boost)  
  32  3:05  Probe (Chrono Boost)  
  34  3:07  Probe (Chrono Boost)  
  34  3:11  Probe (Chrono Boost)  
  34  3:12  Probe (Chrono Boost)  
  35  3:19  Probe  
  37  3:21  Probe  
  37  3:23  Oracle (Chrono Boost), Stalker  
  37  3:24  Pylon  
  43  3:31  Probe  
  43  3:33  Probe  
  45  3:38  Assimilator  
  45  3:43  Probe  
  45  3:45  Probe  
  47  3:52  Pylon  
  48  3:55  Probe  
  48  3:56  Oracle  
  48  3:58  Probe  
  52  4:07  Probe  
  53  4:10  Probe  
  53  4:15  Nexus  
  53  4:16  Pylon  
  54  4:17  Stalker  
  54  4:20  Probe  
  54  4:22  Probe  
  58  4:26  Robotics Facility  
  58  4:32  Probe  
  58  4:34  Probe  
  58  4:35  Assimilator  
  60  4:44  Probe  
  65  4:46  Probe  
  65  4:48  Gateway  
  65  4:50  Gateway, Void Ray  
  66  4:56  Probe  
  66  4:58  Probe  
  68  5:10  Probe x2  
  70  5:21  Shield Battery x2  
  70  5:22  Probe x2  
  69  5:40  Stalker  
  71  5:44  Observer (Chrono Boost)  
  72  5:51  Probe x3, Forge, Twilight Council  
  72  5:53  Forge  
  72  5:54  Stalker x2  
  72  5:56  Gateway  
  79  5:57  Observer (Chrono Boost)  
  79  6:03  Probe x3  
  83  6:11  Pylon  
  83  6:14  Pylon  
  83  6:19  Stalker x3  
  83  6:21  Probe x2  
  83  6:22  Pylon  
  83  6:24  Assimilator  
  91  6:29  Assimilator  
  91  6:30  Protoss Ground Armor Level 1 (Chrono Boost), Protoss Ground Weapons Level 1 (Chrono Boost)  
  91  6:32  Pylon  
  95  6:34  Void Ray  
  94  6:51  Immortal (Chrono Boost)  
  98  6:54  Robotics Bay  
  98  6:56  Zealot x4  
  98  6:58  Pylon  
  98  7:00  Probe x2  
  98  7:01  Probe  
  109  7:06  Gateway  
  109  7:07  Gateway  
  109  7:21  Stalker  
  109  7:22  Void Ray, Stalker x3  
  121  7:28  Pylon  
  121  7:30  Pylon  
  121  7:31  Pylon  
  121  7:32  Pylon  
  121  7:36  Photon Cannon  
  121  7:40  Extended Thermal Lance (Chrono Boost), Pylon  
  121  7:49  Colossus  
  121  7:50  Stalker  
  121  7:51  Stalker x2  
  133  8:17  Stalker x4  
  140  8:37  Nexus  
  140  8:41  Pylon, Stalker x4  
  148  8:49  Pylon, Colossus (Chrono Boost)  
  148  8:50  Pylon  
  137  8:57  Zealot  
  137  8:58  Zealot  
  137  9:01  Protoss Ground Armor Level 2 (Chrono Boost)  
  130  9:11  Photon Cannon  
  130  9:14  Photon Cannon  
  130  9:24  Pylon  
  130  9:32  Pylon  
  130  9:36  Pylon  
  130  9:48  Colossus  
  133  9:55  Zealot x4  
  134  10:06  Probe x2  
  131  10:10  Protoss Ground Weapons Level 2 (Chrono Boost)  
  128  10:21  Charge (Chrono Boost)  
  124  10:29  Pylon  
  124  10:42  Nexus  
  124  10:46  Pylon x2  
  124  10:50  Templar Archives  
  124  11:04  Probe x2  
  126  11:27  Pylon  
  126  11:29  Pylon  
  126  11:31  Pylon  
  126  11:33  Gateway  
  126  11:36  Gateway  
  126  11:37  Probe  
  123  11:43  High Templar  
  123  11:44  Colossus  
  131  11:48  High Templar x3  
  131  11:49  High Templar x2  
  131  11:53  Archon x2  
  141  11:54  Blink  
  141  11:56  Probe x3  
  144  12:04  Psionic Storm  
  144  12:07  Pylon  
  144  12:08  Probe x2  
  146  12:09  Assimilator  
  146  12:23  Pylon  
  146  12:27  Zealot x2  
  137  12:36  Probe x3  
  133  12:56  Gateway  
  133  12:57  Photon Cannon  
  126  12:58  Probe x2  
  100  13:21  High Templar x2  
  100  13:25  Archon  
  98  13:50  Observer  
  98  13:54  High Templar  
  98  13:55  High Templar  
Tags
 
Add a new tag
Caveats
  • Supply blocks, unpowered buildings, or Contaminate may cause inaccurate times.
  • Supply counts are checked every 10 seconds.